 Dungeon Sprint DCSS version 0.28-a0-909-g796cbd3a86 (webtiles) character file.

Game seed: 2329084597199635394

2 Conn the Firebug (level 1, 0/11 HPs)
             Began as an Octopode Fire Elementalist on Nov 25, 2021.
             Slain by a hobgoblin (4 damage)
             ... in the Dungeon (Sprint IX: "|||||||||||||||||||||||||||||").
             The game lasted 00:00:14 (18 turns).

Conn the Firebug (Octopode Fire Elementalist)         Turns: 18, Time: 00:00:15

Health: 0/11       AC:  1    Str:  7    XL:     1   Next: 40%
Magic:  3/3        EV: 13    Int: 17    God:
Gold:   0          SH:  0    Dex: 12    Spells: 3/4 levels left

rFire   . . .      SeeInvis .   (no weapon)
rCold   . . .      Faith    .   (no shield)
rNeg    . . .      Spirit   .   (helmet restricted)
rPois   .          Reflect  .   (no amulet)
rElec   .          Harm     .   (no ring)
rCorr   .          Rampage  .   (no ring)
Will    .....      NoTele   +   (no ring)
Stlth   +++.......              (no ring)
HPRegen 0.03/turn               (no ring)
MPRegen 0.08/turn               (no ring)
                                (no ring)
                                (no ring)

@: no status effects
A: almost no armour, amphibious, 8 rings, camouflage 1, gelatinous body 1,
(nimble swimmer 1), tentacles
a: no special abilities


You were in the Dungeon.
You visited 1 branch

Inventory:

Scrolls
 f - a scroll of blinking
Potions
 a - a potion of curing
 b - a potion of heal wounds
 c - a potion of haste
 d - 2 potions of magic
 e - a potion of berserk rage


   Skills:
 + Level 2.0 Dodging
 + Level 3.6 Stealth
 + Level 2.0 Spellcasting
 + Level 1.0 Conjurations
 + Level 3.6 Fire Magic


You had 3 spell levels left.
You knew the following spells:

 Your Spells              Type           Power      Damage    Failure   Level
a - Foxfire               Conj/Fire      36%        2x1d5     8%          1

Your spell library contained the following spells:

 Spells                   Type           Power      Damage    Failure   Level
 Scorch                   Fire           28%        2d6       6%          2
 Conjure Flame            Conj/Fire      9%         6-21      22%         3
 Inner Flame              Hex/Fire       7%         N/A       26%         3
 Flame Wave               Conj/Fire      9%         3d4       58%         4


Dungeon Overview and Level Annotations

Branches:
Dungeon (1/1)

Altars:


Innate Abilities, Weirdness & Mutations

You cannot wear most types of armour.
You are amphibious.
You can wear up to eight rings at the same time.
Your skin changes colour to match your surroundings (Stealth+).
Your rubbery body absorbs attacks. (AC +1, EV +1)
((You are camouflaged near water. (Stealth+)))
You have tentacles for arms and can constrict up to eight enemies at once.


Message History

The kobold hits you but does no damage.
Casting: Foxfire (safe; 9% risk of failure)
Confirm with . or Enter, or press ? or * to list all spells.
You conjure some foxfire!
The kobold shouts!
The kobold hits you with a +0 short sword.
You tentacle-slap the kobold but do no damage.
Your grab misses the kobold. You squeeze the kobold.
You kill the kobold!
You completely miss the giant cockroach.
You grab the giant cockroach.
You constrict the giant cockroach, but do no damage.
The giant cockroach bites you.
You tentacle-slap the giant cockroach but do no damage.
You constrict the giant cockroach. The giant cockroach barely misses you.
You tentacle-slap the giant cockroach but do no damage.
The giant cockroach is moderately wounded.
You constrict the giant cockroach.
The giant cockroach bites you but does no damage.
You tentacle-slap the giant cockroach but do no damage.
The giant cockroach is heavily wounded.
You constrict the giant cockroach, but do no damage.
The giant cockroach closely misses you. The giant cockroach bites you.
You tentacle-slap the giant cockroach.
The giant cockroach is severely wounded.
You constrict the giant cockroach.
You kill the giant cockroach!
Your Stealth skill increases to level 3!
You closely miss the rat. You grab the rat. You constrict the rat.
The rat barely misses you.
You tentacle-slap the rat.
The rat is severely wounded.
You constrict the rat.
You kill the rat!
You tentacle-slap the hobgoblin. Your grab misses the hobgoblin.
The hobgoblin is lightly wounded.
You closely miss the hobgoblin. Your grab misses the hobgoblin.
The hobgoblin is lightly wounded.
The hobgoblin hits you.
You die...

▓▓▓
▓<▓
▓.▓
▓@▓
▓g▓
▓K▓
▓)▓
▓.▓
▓.▓
▓.▓
▓.▓
▓+▓


You could see a hobgoblin and a kobold.

Vanquished Creatures
  A giant cockroach (D)
  A kobold (D)
  A rat (D)
3 creatures vanquished.

Notes
Turn   | Place    | Note
-------+----------+-------------------------------------------
     0 | D        | Conn the Octopode Fire Elementalist began the quest for the
                  | Orb.
     0 | D        | Reached XP level 1. HP: 11/11 MP: 3/3
    18 | D        | Slain by a hobgoblin

Illustrated notes

Levels and vault maps discovered:
D:        linesprint [early_d, line_temple, items_1, d_10, items_2, lair_1,
          lair_end, items_3, orc_1, orc_end, items_4, d_15, swamp_1, shoals_1,
          snake_1, spider_1, d_20, vaults_1, items_5, swamp_end, shoals_end,
          snake_end, spider_end, vaults_end, d_27, items_6, zot_1, zot_end,
          crypt_end, forest_end, elf_end, slime_end, tomb_end, abyss_end,
          pan_hell_end]

Skill      XL: |  1 |
---------------+----+-----
Stealth        | 3 |  3.6
Dodging        | |  2.0
Spellcasting   | |  2.0
Conjurations   | |  1.0
Fire Magic     | |  3.6

Action                   || total
-------------------------++-------
Melee: Unarmed           ||    11
       Constrict         ||     2
       Tentacles         ||     1
 Cast: Foxfire           ||     1
 Stab: Sleeping          ||     1
Armor: Skin              ||     2
Dodge: Dodged            ||     3

Table legend: (Time is in decaauts)
 A = Elapsed time spent in this place.
 B = Non-inter-level travel time spent in this place.
 C = Inter-level travel time spent in this place.
 D = Time resting spent in this place.
 E = Time spent auto-exploring this place.
 F = Levels seen in this place.
 G = Mean time per level.
                   A        B        C        D        E       F      G
               +--------+--------+--------+--------+--------+-----+--------+
         Total |     18 |     18 |      0 |      0 |      0 |   1 |   18.0 |
       Dungeon |     18 |     18 |      0 |      0 |      0 |   1 |   18.0 |
               +--------+--------+--------+--------+--------+-----+--------+

Top non-repeatable levels by time:
       D: 18 daAuts
